 Dungeon Crawl Stone Soup version 0.18.1-50-g88ac8fd (webtiles) character file.

12 Amnesiac the Shield-Bearer (level 2, -2/27 HPs)
             Began as a Deep Elf Fighter on Mar 2, 2018.
             Slain by a hobgoblin (4 damage)
             ... on level 3 of the Dungeon.
             The game lasted 00:01:11 (601 turns).

Amnesiac the Shield-Bearer (Deep Elf Fighter)        Turns: 601, Time: 00:01:12

Health: -2/27      AC:  4    Str: 15 (18) XL:     2   Next: 20%
Magic:  4/4        EV:  9    Int:  9 (12) God:
Gold:   25         SH:  8    Dex: 13 (14) Spells: 0 memorised, 1 level left

rFire  . . .     SeeInvis .     a - +0 rapier
rCold  . . .     Gourm    .     l - -1 ring mail (curse)
rNeg   . . .     Faith    .     c - +0 shield
rPois  .         Spirit   .     (no helmet)
rElec  .         Dismiss  .     (no cloak)
rCorr  .         Reflect  .     (no gloves)
SustAt .         Harm     .     (no boots)
MR     .....                    (no amulet)
Stlth  ..........               (no ring)
                                k - ring of stealth

@: berserking, very quick, not resistant to hostile enchantments, extremely
unstealthy
A: no striking features
a: no special abilities


You were on level 3 of the Dungeon.
You were not hungry.

You visited 1 branch of the dungeon, and saw 3 of its levels.

You collected 25 gold pieces.

Inventory:

Hand Weapons
 a - a +0 rapier (weapon)
 g - a cursed -1 dagger
Missiles
 h - 26 stones (quivered)
Armour
 b - a +0 scale mail
 c - a +0 shield (worn)
 l - a cursed -1 ring mail (worn)
Jewellery
 k - a ring of stealth (left hand)
Scrolls
 e - a scroll of identify {!r, unknown}
Potions
 d - a potion of might {!q}
Comestibles
 f - a bread ration


   Skills:
 - Level 2.4 Fighting
 - Level 2.0 Short Blades
 - Level 2.4 Armour
 + Level 2.3 Dodging
 - Level 2.4 Shields


You had one spell level left.
You didn't know any spells.

Dungeon Overview and Level Annotations

Branches:
Dungeon (3/15)

Altars:


Message History

The bat barely misses you. The bat hits you but does no damage.
You block the bat's attack. The bat hits you but does no damage.
You block the bat's attack. The bat hits you but does no damage.
The bat barely misses you. The bat closely misses you.
You see here a scroll labeled YCOON KOIPAUBU {!r}.
e - a scroll labeled YCOON KOIPAUBU {!r} You block the bat's attack.
The bat hits you but does no damage. You block the bat's attack.
The hobgoblin barely misses you. The bat closely misses you.
The bat barely misses you. You block the bat's attack.
Found 13 gold pieces and a scroll labeled TOHACWE KEUCHI.
You block the bat's attack.
You hear the slow rusting of a very distant drain.
The bat barely misses you. You block the bat's attack.
The bat hits you but does no damage.
You see here 13 gold pieces.
You now have 25 gold pieces (gained 13).
The bat barely misses you. The bat hits you but does no damage.
The bat hits you. The bat misses you. The bat hits you but does no damage.
You block the bat's attack.
You hit the bat.
You kill the bat!
The giant gecko bites you but does no damage.
You hit the giant gecko.
The giant gecko is almost dead.
You block the giant gecko's attack. The giant gecko bites you.
You barely miss the giant gecko.
The giant gecko is almost dead.
The giant gecko bites you.
* * * LOW HITPOINT WARNING * * *
You closely miss the giant gecko.
The giant gecko is almost dead.
The giant gecko bites you.
* * * LOW HITPOINT WARNING * * *
The giant gecko barely misses you.
Drink which item? (? for menu, Esc to quit)
Really quaff
j - a sedimented orange potion {!q}?
It was a potion of degeneration {!q}.
There was something very wrong with that liquid.
You feel weakened.
You feel dopey.
You feel clumsy.
The giant gecko bites you but does no damage.
Drink which item? (? for menu, Esc to quit)
Really quaff
m - a viscous purple potion {!q}?
It was a potion of berserk rage {!q}.
A red film seems to cover your vision as you go berserk!
You feel yourself moving faster!
You feel mighty!
The giant gecko bites you but does no damage.
All of the chunks of flesh in your inventory have rotted away.
You miss the giant gecko.
The giant gecko is almost dead.
The giant gecko bites you.
* * * LOW HITPOINT WARNING * * *
You puncture the giant gecko!
You kill the giant gecko!
You hit the hobgoblin.
The hobgoblin is lightly wounded.
You block the hobgoblin's attack.
Your shield prevents you from hitting the hobgoblin.
The hobgoblin is lightly wounded.
The hobgoblin hits you.
You die...

,,,,,........# #.......lbl...#
,,,,,........######.###########.#
,,>,,.........l..................
,,,,,.........g..l...............
,,,,,.......l######+##.#....#.#.#
,,,,*####....g# *,,...#....<....
,,,,* #####.# *.....b.......#.
,,,,* #.####......#.#.##.#$ ,,,,*
#.lg@+......#.#.##.#. ,,,,*
######......#.#.#*.## ,,,,*
#......#.#..,!., ,,,,*
*.....,#....,,** *****
*,,,,,,######*** *,,,,,,,,,,,,,,,
************ *,,,,,,*,*******
*,,,,,,,,,,*****,,,,,,*,*
*,,,,,,,,,,,,,,,,,,,,,*,******


You could see a hobgoblin and a giant newt.

Vanquished Creatures
  A giant gecko (D:3)
  A ball python (D:1)
  A giant cockroach (D:1)
  3 goblins (D:1)
  A kobold (D:1)
  2 bats
  A rat (D:1)
10 creatures vanquished.

Notes
Turn   | Place    | Note
--------------------------------------------------------------
     0 | D:1      | Amnesiac the Deep Elf Fighter began the quest for the Orb.
     0 | D:1      | Reached XP level 1. HP: 13/13 MP: 3/3
    84 | D:1      | Reached skill level 1 in Dodging
   361 | D:1      | Reached XP level 2. HP: 15/18 MP: 4/4
   601 | D:3      | Slain by a hobgoblin

Skill      XL: |  1 |
---------------+----+-----
Dodging        | 2 |  2.3
Fighting       | |  2.4
Short Blades   | |  2.0
Armour         | |  2.4
Shields        | |  2.4

Action                   || total
-------------------------++-------
Melee: Rapier            ||    62
  Use: Scroll            ||     2
       Potion            ||     2
Armor: Scale mail        ||    26
       Ring mail         ||    17
Dodge: Dodged            ||    28
Block: Shield            ||    50
